 Dungeon Crawl Stone Soup version 0.20.0-15-g7f486f2 (console) character file.

642 removed the Magician (level 7, 0/32 HPs)
             Began as a Spriggan Necromancer on June 9, 2017.
             Slain by a big kobold
             ... wielding a +0 club
              (4 damage)
             ... on level 3 of the Dungeon.
             The game lasted 00:06:45 (6482 turns).

removed the Magician (Spriggan Necromancer)         Turns: 6482, Time: 00:06:46

Health: 0/32       AC:  2    Str:  4    XL:     7   Next: 26%
Magic:  10/18      EV: 18    Int: 18    God:
Gold:   282        SH:  0    Dex: 17    Spells: 16/20 levels left

rFire    . . .     SeeInvis +   a - +2 whip (elec)
rCold    . . .     Gourm    .   (shield restricted)
rNeg     . . .     Faith    .   j - +0 robe
rPois    .         Spirit   .   (helmet restricted)
rElec    .         Reflect  .   (no cloak)
rCorr    .         Harm     .   (gloves unavailable)
MR       +....                  (boots unavailable)
Stlth    ++........             (no amulet)
Regen    0.1/turn               (no ring)
MPRegen  0.2/turn               (no ring)

@: very quick
A: unfitting armour, see invisible, herbivore 3, speed 3, slow metabolism 2
a: no special abilities


You were on level 3 of the Dungeon.
You were full.

You visited 1 branch of the dungeon, and saw 3 of its levels.

You collected 282 gold pieces.

Inventory:

Hand Weapons
 a - a +2 whip of electrocution (weapon)
 b - a +2 whip of venom
 k - a +2 short sword of flaming
Armour
 j - a +0 robe (worn)
Scrolls
 f - 2 scrolls of recharging {unknown}
 g - 3 scrolls of teleportation {unknown}
 h - a scroll of remove curse {unknown}
 m - a scroll of random uselessness {unknown}
 p - a scroll of enchant armour {unknown}
 q - 2 scrolls of immolation {unknown}
 r - a scroll of amnesia {unknown}
 s - a scroll of fog {unknown}
Potions
 d - 2 potions of curing
 e - a potion of berserk rage {unknown}
 i - a potion of heal wounds {unknown}
 l - a potion of might {unknown}
 o - a potion of brilliance {unknown}
 t - a potion of lignification {unknown}
 u - a potion of cancellation {unknown}
Books
 v - a book of Necromancy

   Spells                             Type                      Level
   a - Pain                           Necromancy                   1
   b - Animate Skeleton               Necromancy                   1
   c - Vampiric Draining              Necromancy                   3
   d - Regeneration                   Charms/Necromancy            3
   e - Animate Dead                   Necromancy                   4
   f - Control Undead                 Necromancy                   4
Comestibles
 c - a bread ration
 n - 3 fruits


   Skills:
 - Level 3.0 Dodging
 - Level 3.0 Stealth
 + Level 7.3 Spellcasting
 + Level 6.1 Necromancy


You had 16 spell levels left.
You knew the following spells:

 Your Spells              Type           Power        Failure   Level  Hunger
a - Pain                  Necr           ####         1%          1    None
b - Vampiric Draining     Necr           ####......   2%          3    #......


Dungeon Overview and Level Annotations

Branches:
Dungeon (3/15)

Altars:


Innate Abilities, Weirdness & Mutations

You are very small and have problems with some larger weapons.
You are too small for most types of armour.
You have supernaturally acute eyesight. (SInv)
You are a herbivore.
You cover ground extremely quickly.
You need consume almost no food.


Message History

You hit the big kobold.
The big kobold is severely wounded.
The big kobold hits you but does no damage.
The kobold misses you. The big kobold hits you with a club!
Unknown command.
You closely miss the kobold. The big kobold hits you with a club.
* * * LOW HITPOINT WARNING * * *
The kobold hits you with a club.
* * * LOW HITPOINT WARNING * * *
The big kobold hits you with a club.
* * * LOW HITPOINT WARNING * * *
The big kobold misses you.
Okay, then.
It was a potion of curing.
You feel better. The big kobold hits you with a club.
* * * LOW HITPOINT WARNING * * *
The kobold hits you with a club.
* * * LOW HITPOINT WARNING * * *
The big kobold hits you with a club.
You die...

###.#####..#####)##..#.##.####.##
.....((..........................
............(............(.......
≈..≈.≈≈...(...≈≈≈.≈≈≈..≈≈...≈.≈≈≈
≈≈≈≈≈≈≈≈≈.(...≈≈≈≈≈≈≈≈≈≈≈≈≈≈≈≈≈≈≈
≈≈≈≈≈≈≈≈≈.....≈≈≈≈≈≈≈≈≈≈≈≈≈≈≈≈≈≈≈
≈≈≈≈≈≈≈≈≈≈....≈≈≈≈≈≈≈≈≈≈≈≈≈≈≈≈≈≈≈
###########('####################
.#.......#(...#K@KK...#..........
.'.......#.(..#.KK....'..........
.#########...)#########..........
).....).#......#.....).)..#######
).......)....).'..........#
........#..(...#..........#######
.#########..(.#########..........
.†.......#....# .hh...'........(.
(#.....(.#....# ......#..........


You could see 3 big kobolds and 2 kobolds.

Vanquished Creatures
  6 big kobolds (D:3)
  Robin (D:2)
  6 gnolls
  3 adders
  2 worms
  7 dart slugs
  4 leopard geckos (D:1)
  2 orcs (D:3)
  3 giant cockroaches
  15 goblins
  13 hobgoblins
  8 jackals
  A ball python (D:2)
  4 bats
  10 frilled lizards
  33 kobolds
  6 rats
124 creatures vanquished.

Notes
Turn   | Place    | Note
-------+----------+-------------------------------------------
     0 | D:1      | removed the Spriggan Necromancer began the quest for the Orb.
     0 | D:1      | Reached XP level 1. HP: 9/9 MP: 5/5
   263 | D:1      | Reached skill level 3 in Spellcasting
   514 | D:1      | Reached XP level 2. HP: 12/13 MP: 4/7
  1111 | D:1      | Reached XP level 3. HP: 10/16 MP: 1/9
  1405 | D:2      | Noticed Robin
  1422 | D:2      | Reached skill level 4 in Spellcasting
  2332 | D:2      | Killed Robin
  2332 | D:2      | Reached XP level 4. HP: 16/21 MP: 4/11
  3318 | D:2      | Learned a level 3 spell: Vampiric Draining
  3631 | D:2      | Reached skill level 5 in Spellcasting
  3631 | D:2      | Reached XP level 5. HP: 4/24 MP: 2/13
  4567 | D:3      | Reached skill level 5 in Necromancy
  4837 | D:3      | Reached skill level 6 in Spellcasting
  4837 | D:3      | Reached XP level 6. HP: 6/28 MP: 12/16
  5948 | D:3      | Reached skill level 7 in Spellcasting
  5948 | D:3      | Reached XP level 7. HP: 11/32 MP: 1/18
  6482 | D:3      | Slain by a big kobold

Skill      XL: |  1  2  3  4  5  6 |
---------------+-------------------+-----
Spellcasting   | 3 4 5 6 7 |  7.3
Necromancy     | 4 5 6 |  6.1
Dodging        | |  3.0
Stealth        | |  3.0

Action                   |  1- 3 |  4- 6 |  7- 9 || total
-------------------------+-------+-------+-------++-------
Melee: Whip              |       |    30 |     2 ||    32
 Cast: Pain              |    81 |   154 |    35 ||   270
  Use: Potion            |       |       |     1 ||     1
  Eat: Fruit             |       |     1 |       ||     1
       Bread ration      |       |     1 |       ||     1
Armor: Robe              |     1 |     3 |     2 ||     6
Dodge: Dodged            |    13 |    77 |     8 ||    98
